 Dungeon Crawl Stone Soup version 0.30-b1-2-g02819fbbbe (webtiles) character file.

Game seed: 13678935581002460750

211 Mesmaeker13 the Shooter (level 5, -2/43 HPs)
             Began as a Barachi Hunter on July 18, 2023.
             Slain by an ogre
             ... wielding a +0 giant spiked club
              (16 damage)
             ... on level 4 of the Dungeon.
             The game lasted 00:03:43 (2657 turns).

Mesmaeker13 the Shooter (Barachi Hunter)            Turns: 2657, Time: 00:03:43

Health: -2/43      AC:  3    Str: 15    XL:     5   Next: 88%
Magic:  5/5        EV: 13    Int:  9    God:
Gold:   228        SH:  0    Dex: 15    Spells: 4/4 levels left

rFire   + . .        a - +0 shortbow
rCold   x . .        (shield currently unavailable)
rNeg    . . .        c - +0 leather armour
rPois   .            (no helmet)
rElec   .            (no cloak)
rCorr   .            (no gloves)
SInv    .            (no boots)
Will    .....        g - amulet of the acrobat
Stlth   +            q - ring of fire
HPRegen 0.27/turn    (no ring)
MPRegen 0.09/turn

%: acrobat
@: slow
A: amphibious, slowness 1, strong legs 1, +LOS
a: Hop


You were on level 4 of the Dungeon.
You visited 1 branch of the dungeon, and saw 4 of its levels.

You collected 228 gold pieces.

Inventory:

Hand Weapons
 a - a +0 shortbow (weapon)
 m - a +2 heavy flail
Missiles
 p - 8 poisoned darts
Armour
 c - a +0 leather armour (worn)
Jewellery
 e - a ring of flight
 g - an amulet of the acrobat (around neck)
 q - a ring of fire (left hand)
Wands
 l - a wand of flame (26)
Scrolls
 b - a scroll of immolation
 i - a scroll of enchant armour
 k - 3 scrolls of teleportation
 o - a scroll of poison
Potions
 d - a potion of brilliance {unknown}
 f - a potion of haste
 h - a potion of mutation {unknown}
 j - a potion of magic
 n - 2 potions of curing
 s - a potion of flight {unknown}


   Skills:
 + Level 4.5 Fighting
 + Level 5.1 Ranged Weapons
 + Level 4.1 Dodging
 - Level 0.8 Stealth


You had 4 spell levels left.
You didn't know any spells.
Your spell library was empty.

Dungeon Overview and Level Annotations

Branches:
Dungeon (4/15)
 Temple: D:4-7

Altars:

Shops:
D:2 !


Innate Abilities, Weirdness & Mutations

You are amphibious.
You cover ground slowly.
You can hop short distances.
You have an extended range of vision and can be seen from far away.


Message History

You see here a +0 robe.
There is a stone staircase leading down here.
You climb downwards.
There is a stone staircase leading up here.
Unknown command.
A ball python comes into view.
Found a hand axe.
You shoot an arrow. The arrow hits the ball python.
You kill the ball python!
An ogre is nearby!
You shoot an arrow. The arrow barely misses the ogre.
You shoot an arrow. The arrow hits the ogre.
The ogre is moderately wounded.
You shoot an arrow. The arrow hits the ogre.
The ogre is moderately wounded.
You shoot an arrow. The arrow hits the ogre!
The ogre is heavily wounded.
You shoot an arrow. The arrow barely misses the ogre.
You shoot an arrow. The arrow hits the ogre.
The ogre is severely wounded.
The ogre hits you with a +0 giant spiked club!!
Ouch! That really hurt!
You are too injured to fight recklessly!
Unknown command.
Hop to where?
Press: ? - help, Q - select action, (/) - cycle Dir - move target, f - you, p - ogre
Okay, then.
Unknown command.
Hop to where?
Press: ? - help, Q - select action, (/) - cycle Dir - move target, f - you
Okay, then.
Unknown command.
Okay, then.
Fire: a) +0 shortbow
Press: ? - help, Q - select action, (/) - cycle Shift-Dir - straight line, f - ogre
Aim: an ogre, wielding a +0 giant spiked club (severely wounded, 77% to hit)
You shoot an arrow. The arrow hits the ogre.
The ogre is almost dead.
The ogre hits you with a +0 giant spiked club!
You die...

# #..# ## # #... #.# ###
... ...# ..###########
..#.... .......##...#
..#.. #(..........##
###!..# .
####)........###.....#....
.##..).......#.##......#
.##....)<......#@.#.......
..#....).......O..# .##.).
.#####............# # .
.####................#
...#..............##.#
#...............### .#
##........[......# ..
##....###..........
.#.....##..........


You could see an ogre.

Vanquished Creatures
  An orc priest (D:4)
  An iguana (D:4)
  Terence (D:2)
  5 gnolls
  An adder (D:2)
  5 worms
  A dart slug (D:3)
  2 orcs (D:4)
  5 ball pythons
  4 bats
  6 endoplasms
  A giant cockroach (D:1)
  4 goblins
  3 hobgoblins
  2 jackals (D:2)
  8 kobolds
  2 quokkas
  3 frilled lizards
  3 rats
58 creatures vanquished.

Notes
Turn   | Place    | Note
-------+----------+-------------------------------------------
     0 | D:1      | Mesmaeker13 the Barachi Hunter began the quest for the Orb.
     0 | D:1      | Reached XP level 1. HP: 17/17 MP: 1/1
   203 | D:1      | Reached XP level 2. HP: 23/23 MP: 2/2
   468 | D:1      | Found a faded altar of an unknown god.
  1064 | D:2      | Found Hayniata's Distillery.
  1093 | D:2      | Reached XP level 3. HP: 20/29 MP: 3/3
  1144 | D:2      | Noticed Terence
  1150 | D:2      | Killed Terence
  1361 | D:2      | Reached XP level 4. HP: 35/35 MP: 4/4
  2475 | D:4      | Reached XP level 5. HP: 42/42 MP: 5/5
  2499 | D:4      | Reached skill level 5 in Ranged Weapons
  2546 | D:4      | Noticed an ogre
  2657 | D:4      | Slain by an ogre

Illustrated notes

Levels and vault maps discovered:
D:1:      matt_arrival_refuge, layout_basic,
          shapermc_ecumenical_altar_notcrosses
D:2:      layout_basic, serial_shops, shop, uniq_terence
D:3:      layout_basic, nicolae_wormholes
D:4:      layout_cave_pools, minmay_temple_entry_junction,
          ebering_ghost_disaster_area

Skill      XL: |  1  2  3  4  5 |
---------------+----------------+-----
Fighting       | 3 4 |  4.5
Dodging        | 3 4 |  4.1
Ranged Weapons | 5 |  5.1
Stealth        | |  0.8

Action                     |  1- 3 |  4- 6 || total
---------------------------+-------+-------++-------
   Fire: Shortbow          |    73 |   121 ||   194
    Use: Scroll            |     1 |     5 ||     6
 Armour: Leather armour    |    10 |     4 ||    14
  Dodge: Dodged            |    25 |    21 ||    46
